 Dungeon Crawl Stone Soup version 0.27.1-3-gb3d3a73c9e (webtiles) character file.

Game seed: 4857656208630165765

120 MisterFreud the Stinger (level 5, -1/37 HPs)
             Began as a Gnoll Venom Mage on Oct 6, 2021.
             Was an Initiate of Gozag.
             Slain by an ice beast (11 damage)
             ... on level 4 of the Dungeon.
             The game lasted 00:04:59 (3732 turns).

MisterFreud the Stinger (Gnoll Venom Mage)          Turns: 3732, Time: 00:05:00

Health: -1/37      AC:  2    Str:  6 (8)  XL:     5   Next: 4%
Magic:  10/12      EV: 13    Int: 14 (15) God:    Gozag
Gold:   15         SH:  0    Dex: 11 (12) Spells: 6/14 levels left

rFire    . . .     SeeInvis .   c - +0 short sword
rCold    . . .     Faith    .   (no shield)
rNeg     . . .     Spirit   .   a - +0 robe
rPois    .         Reflect  .   (no helmet)
rElec    .         Harm     .   (no cloak)
rCorr    .         Rampage  .   (no gloves)
Will     .....                  (no boots)
Stlth    ++........             (no amulet)
HPRegen  0.12/turn              (no ring)
MPRegen  0.13/turn              (no ring)

@: no status effects
A: fangs 1, strong nose, distributed training
a: Renounce Religion, Potion Petition, Call Merchant, Bribe Branch


You were on level 4 of the Dungeon.
You worshipped Gozag.
Gozag was noncommittal.
You visited 1 branch of the dungeon, and saw 4 of its levels.

You collected 183 gold pieces.
You spent 168 gold pieces at shops.

Inventory:

Hand Weapons
 c - a +0 short sword (weapon)
 i - a +0 trident
Missiles
 j - 4 poisoned darts
Armour
 a - a +0 robe (worn)
Scrolls
 m - a scroll of fog {unknown}
Potions
 b - a potion of brilliance
 d - a potion of invisibility
 f - a potion of might {unknown}
 g - a potion of haste
 h - 2 potions of heal wounds
 k - a potion of lignification
 l - a potion of magic {unknown}
 n - a potion of degeneration


   Skills:
 + Level 1.3 Fighting
 + Level 1.3 Short Blades
 + Level 1.3 Long Blades
 + Level 1.3 Axes
 + Level 1.3 Maces & Flails
 + Level 1.3 Polearms
 + Level 1.3 Staves
 + Level 1.3 Slings
 + Level 1.3 Bows
 + Level 1.3 Crossbows
 + Level 1.3 Throwing
 + Level 1.3 Armour
 + Level 4.7 Dodging
 + Level 4.3 Stealth
 + Level 1.3 Shields
 + Level 1.3 Unarmed Combat
 + Level 5.1 Spellcasting
 + Level 1.0 Conjurations
 + Level 1.0 Hexes
 + Level 1.0 Summonings
 + Level 1.0 Necromancy
 + Level 1.0 Translocations
 + Level 2.3 Transmutations
 + Level 1.0 Fire Magic
 + Level 1.0 Ice Magic
 + Level 1.0 Air Magic
 + Level 1.0 Earth Magic
 + Level 5.5 Poison Magic
 + Level 1.4 Invocations
 + Level 1.3 Evocations


You had 6 spell levels left.
You knew the following spells:

 Your Spells              Type           Power      Damage    Failure   Level
a - Sting                 Tmut/Pois      56%        1d5       3%          1
b - Mephitic Cloud        Conj/Pois/Air  10%        N/A       19%         3
c - Olgreb's Toxic Radia  Pois           19%        N/A       19%         4

Your spell library contained the following spells:

 Spells                   Type           Power      Damage    Failure   Level
 Poisonous Vapours        Pois/Air       24%        N/A       7%          2


Dungeon Overview and Level Annotations

Branches:
Dungeon (4/15)
 Temple: D:4-7

Altars:
Gozag
Hepliaklqana
Okawaru
Uskayaw
Xom

Shops:
D:4 !


Innate Abilities, Weirdness & Mutations

You have very sharp teeth.
Your uncanny sense of smell can sniff out nearby items.
Your experience applies equally to all skills.


Message History

Aiming: Sting (safe; 3% risk of failure)
Press: ? - help, Shift-Dir - straight line, f/p - ice beast
Aim: an ice beast (lightly wounded, poisoned, 71% to hit)
The sting hits the ice beast.
The ice beast looks even sicker.
The ice beast is lightly wounded.
The ice beast hits you. The ice beast freezes you!
Unknown command.
Casting: Sting (safe; 3% risk of failure)
Confirm with . or Enter, or press ? or * to list all spells.
Aiming: Sting (safe; 3% risk of failure)
Press: ? - help, Shift-Dir - straight line, f/p - ice beast
Aim: an ice beast (lightly wounded, very poisoned, 71% to hit)
The sting misses the ice beast.
The ice beast hits you. The ice beast freezes you!
* * * LOW HITPOINT WARNING * * *
Unknown command.
You feel much better. The ice beast hits you. The ice beast freezes you!
You closely miss the ice beast.
The ice beast is heavily wounded.
The ice beast closely misses you.
Casting: Sting (safe; 3% risk of failure)
Confirm with . or Enter, or press ? or * to list all spells.
Aiming: Sting (safe; 3% risk of failure)
Press: ? - help, Shift-Dir - straight line, p - ice beast The sting hits the ice beast.
The ice beast partially resists.
The ice beast looks even sicker.
The ice beast is severely wounded.
The ice beast closely misses you.
You completely miss the ice beast.
You bite the ice beast, but do no damage.
The ice beast is severely wounded.
The ice beast hits you. The ice beast freezes you!
* * * LOW HITPOINT WARNING * * *
You hit the ice beast but do no damage.
The ice beast is severely wounded.
The ice beast hits you.
* * * LOW HITPOINT WARNING * * *
The ice beast freezes you!
You die...
Your body crumbles into a pile of gold.

###.# ##....##
..##......###
.....#....#.#
............##
.............###
##.............#
......#.#.#Y...#
.......∩..##@..#
.#.#..#.###...<###
##............#
###..#########
##.# #.# ... .....
####..#


You could see an ice beast (poisoned).

Vanquished Creatures
  Terence (D:2)
  Jessica (D:2)
  A worm (D:2)
  2 dart slugs
  4 bats
  5 endoplasms
  2 giant cockroaches
  4 goblins
  3 hobgoblins
  4 jackals (D:2)
  7 quokkas
  4 ball pythons
  A frilled lizard (D:3)
  10 kobolds
  A quokka skeleton (D:4)
  7 rats
57 creatures vanquished.

Notes
Turn   | Place    | Note
-------+----------+-------------------------------------------
     0 | D:1      | MisterFreud the Gnoll Venom Mage began the quest for the
                  | Orb.
     0 | D:1      | Reached XP level 1. HP: 13/13 MP: 6/6
   188 | D:1      | Reached XP level 2. HP: 15/19 MP: 4/7
   702 | D:1      | Reached XP level 3. HP: 25/25 MP: 6/9
   757 | D:1      | Reached skill level 5 in Spellcasting
  1315 | D:2      | Reached skill level 1 in Invocations
  1319 | D:2      | Learned a level 3 spell: Mephitic Cloud
  1446 | D:2      | Noticed Terence
  1458 | D:2      | Killed Terence
  1459 | D:2      | Reached skill level 1 in Fighting
  1459 | D:2      | Reached skill level 1 in Short Blades
  1459 | D:2      | Reached skill level 1 in Long Blades
  1459 | D:2      | Reached skill level 1 in Axes
  1459 | D:2      | Reached skill level 1 in Maces & Flails
  1459 | D:2      | Reached skill level 1 in Polearms
  1459 | D:2      | Reached skill level 1 in Staves
  1459 | D:2      | Reached skill level 1 in Slings
  1459 | D:2      | Reached skill level 1 in Bows
  1459 | D:2      | Reached skill level 1 in Crossbows
  1459 | D:2      | Reached skill level 1 in Throwing
  1459 | D:2      | Reached skill level 1 in Armour
  1459 | D:2      | Reached skill level 1 in Shields
  1459 | D:2      | Reached skill level 1 in Unarmed Combat
  1459 | D:2      | Reached skill level 1 in Evocations
  1459 | D:2      | Reached XP level 4. HP: 22/32 MP: 7/11
  1469 | D:2      | Learned a level 4 spell: Olgreb's Toxic Radiance
  1776 | D:2      | Noticed Jessica
  1790 | D:2      | Killed Jessica
  1791 | D:2      | Reached skill level 1 in Conjurations
  1791 | D:2      | Reached skill level 1 in Hexes
  1791 | D:2      | Reached skill level 1 in Summonings
  1791 | D:2      | Reached skill level 1 in Necromancy
  1791 | D:2      | Reached skill level 1 in Translocations
  1791 | D:2      | Reached skill level 1 in Fire Magic
  1791 | D:2      | Reached skill level 1 in Ice Magic
  1791 | D:2      | Reached skill level 1 in Air Magic
  1791 | D:2      | Reached skill level 1 in Earth Magic
  2698 | D:3      | Found a faded altar of an unknown god.
  2765 | D:3      | Became a worshipper of Gozag Ym Sagoz the Greedy
  2900 | D:3      | Reached XP level 5. HP: 37/37 MP: 9/12
  2974 | D:3      | Found a hide-covered altar of Uskayaw.
  3213 | D:3      | Found a shimmering altar of Xom.
  3553 | D:3      | Found an iron altar of Okawaru.
  3554 | D:3      | Found a hazy altar of Hepliaklqana.
  3708 | D:4      | Found Ehumimop's Distillery.
  3713 | D:4      | Bought a potion of heal wounds for 60 gold pieces
  3713 | D:4      | Bought a potion of heal wounds for 60 gold pieces
  3713 | D:4      | Bought a potion of brilliance for 48 gold pieces
  3716 | D:4      | Noticed an ice beast
  3732 | D:4      | Slain by an ice beast

Illustrated notes

Levels and vault maps discovered:
D:1:      dpeg_arrival_round_c, layout_rooms, minmay_liquid_box, chequers_jeans,
          roderic_serpentine_path
D:2:      layout_basic, uniq_terence, uniq_jessica
D:3:      layout_basic, amcnicky_altar_gilded,
          mainiacjoe_overflow_six_doors_small, gammafunk_temple_overflow_statue,
          hellmonk_ecumenical_altar_run_dry
D:4:      layout_cave_pools, nicolae_qazlal_scattered_showers, serial_shops,
          nicolae_shop_trees, nicolae_shop_crystal, shop, kennysheep_mini,
          kennysheep_little_box

Skill      XL: |  1  2  3  4 |
---------------+-------------+-----
Transmutations | 2 |  2.3
Spellcasting   | 5 |  5.1
Invocations    | 1 |  1.4
Fighting       | 1 |  1.3
Short Blades   | 1 |  1.3
Long Blades    | 1 |  1.3
Axes           | 1 |  1.3
Maces & Flails | 1 |  1.3
Polearms       | 1 |  1.3
Staves         | 1 |  1.3
Slings         | 1 |  1.3
Bows           | 1 |  1.3
Crossbows      | 1 |  1.3
Throwing       | 1 |  1.3
Armour         | 1 |  1.3
Shields        | 1 |  1.3
Unarmed Combat | 1 |  1.3
Evocations     | 1 |  1.3
Conjurations   | 1 |  1.0
Hexes          | 1 |  1.0
Summonings     | 1 |  1.0
Necromancy     | 1 |  1.0
Translocations | 1 |  1.0
Fire Magic     | 1 |  1.0
Ice Magic      | 1 |  1.0
Air Magic      | 1 |  1.0
Earth Magic    | 1 |  1.0
Dodging        | |  4.7
Stealth        | |  4.3
Poison Magic   | |  5.5

Action                   |  1- 3 |  4- 6 || total
-------------------------+-------+-------++-------
Melee: Short sword       |     8 |    30 ||    38
       Bite              |     1 |     2 ||     3
 Cast: Sting             |    57 |    44 ||   101
  Use: Scroll            |       |     4 ||     4
       Potion            |       |     2 ||     2
 Stab: Sleeping          |       |     1 ||     1
Armor: Robe              |     3 |     4 ||     7
Dodge: Dodged            |    17 |    22 ||    39
